 Dungeon Crawl Stone Soup version 0.15.0-18-g9076a4f (webtiles) character file.

151 Bloax the Changer (level 5, 0/25 HPs)
             Began as a Vine Stalker Transmuter on Sept 6, 2014.
             Killed from afar by an orc wizard (3 damage)
             ... with a magic dart
             ... on Level 4 of the Dungeon.
             The game lasted 00:04:22 (675 turns).

Bloax the Changer (Vine Stalker Transmuter)          Turns: 675, Time: 00:04:23

HP   0/25        AC  4     Str 14      XL: 5   Next: 33%
MP   0/13        EV 11     Int 13      God:
Gold 83          SH  0     Dex 14      Spells:  3 memorised,  5 levels left

rFire  . . .     SeeInvis .       - Unarmed
rCold  . . .     Clarity  .     l - +0 leather armour
rNeg   . . .     rCorr    .     (no shield)
rPois  +         rRot     +     (helmet restricted)
rElec  .         Spirit   +     (no cloak)
SustAb .         Warding  .     k - +0 pair of gloves
rMut   .         Stasis   .     (no boots)
Gourm  .                        (no amulet)
MR     .....                    (no ring)
                                e - ring of poison resistance

@: appendage (expiring), not resistant to hostile enchantments, very unstealthy
A: fangs 2, horns 2, regeneration 1, magic shield, antimagic bite, no device
heal 3, rot immunity
a: End Transformation


You were on level 4 of the Dungeon.
You were completely stuffed.
You had grown temporary horns.
You visited 1 branch of the dungeon, and saw 4 of its levels.

You collected 83 gold pieces.


Innate Abilities, Weirdness & Mutations

You have extremely sharp teeth.
Your natural rate of healing is unusually fast.
When hurt, damage is shared between your health and your magic reserves.
Your bite disrupts and absorbs the magic of your enemies.
Potions and wands cannot restore your health.
You are immune to rotting.
You have a pair of horns on your head.


   Skills:
 - Level 0.8 Fighting
 - Level 1.5 Dodging
 + Level 3.0 Unarmed Combat
 + Level 3.6 Spellcasting
 + Level 3.8 Transmutations
 - Level 1.8 Poison Magic


You had 5 spell levels left.
You knew the following spells:

 Your Spells              Type           Power        Failure   Level  Hunger
a - Beastly Appendage     Trmt           ##....       6%          1    #......
b - Spider Form           Trmt/Pois      #.........   21%         3    ###....
c - Sticks to Snakes      Trmt           ##........   10%         2    ##.....


Dungeon Overview and Level Annotations

Branches:
Dungeon (4/15)
 Temple: D:4-7

Altars:
Nemelex Xobeh

Inventory:

Hand weapons
 i - a +0 dagger of venom
   (You took it off a goblin on level 2 of the Dungeon)
Missiles
 b - 12 arrows
Armour
 k - a +0 pair of gloves (worn)
   (You found it on level 3 of the Dungeon)
 l - a +0 leather armour (worn)
   (You found it on level 3 of the Dungeon)
Comestibles
 a - a bread ration
Scrolls
 c - a scroll of teleportation {unknown}
 f - a scroll of magic mapping {unknown}
 g - a scroll of identify {unknown}
 j - a scroll of random uselessness {unknown}
Jewellery
 e - a ring of poison resistance (left hand)
   (You found it on level 1 of the Dungeon)
Potions
 h - a potion of restore abilities {unknown}
Books
 d - a book of Changes

   Spells                             Type                      Level
   *Beastly Appendage                 Transmutation                1
   *Sticks to Snakes                  Transmutation                2
   *Spider Form                       Transmutation/Poison         3
   Ice Form                           Ice/Transmutation            4
   Blade Hands                        Transmutation                5

### . #.. ... #..
>... .. #.##.....
.... #......# +#
..#.#. #......#
.#....... #......#
.#...#.#. #@Z....#
.#.......
#o##+####.#.......
#ooo.......# #....
#.#......#####....
#........'........
#........#......##
#........#......#
#.....##.#......#
#..##.##.#......#


You could see an orc wizard, 2 orcs and an orc skeleton.


Message History

The puff of frost misses you. The orc skeleton closely misses you.
Unknown command.
The adder bites you. The bat hits you but does no damage.
The orc wizard hits you with a dagger. The adder closely misses you.
The orc wizard hits you but does no damage.
Unknown command.
You completely miss the orc wizard. The bat misses you.
The orc wizard points at you and mumbles some strange words.
The magic dart hits you!
* * * LOW HITPOINT WARNING * * *
The adder closely misses you.
You hit the orc skeleton.
The orc wizard hits you but does no damage.
The bat closely misses you. The adder barely misses you.
The orc skeleton misses you.
The orc wizard hits you but does no damage.
Unknown command.
Unknown command.
You hit the bat.
You kill the bat!
The adder bites you.
* * * LOW HITPOINT WARNING * * *
The orc wizard hits you with a dagger.
* * * LOW HITPOINT WARNING * * *
The orc skeleton misses you.
Unknown command.
The adder bites you.
* * * LOW HITPOINT WARNING * * *
You see here a bat corpse.
Unknown command.
Unknown command.
You hit the adder.
The adder is heavily wounded.
The orc skeleton closely misses you. The adder bites you but does no damage.
Unknown command.
You miss the adder. You bite the adder. You drain its power.
You feel invigorated.
The adder is almost dead.
The adder misses you. The orc skeleton misses you.
Unknown command.
You closely miss the adder.
The adder is almost dead.
The adder bites you. The orc skeleton closely misses you.
Unknown command.
You hit the adder.
You kill the adder!
Unknown command.
You closely miss the orc wizard. The orc wizard hits you with a dagger.
* * * LOW HITPOINT WARNING * * *
The orc skeleton closely misses you. The orc wizard hits you with a dagger.
* * * LOW HITPOINT WARNING * * *
Unknown command.
You hit the orc wizard but do no damage.
Your transformation is almost over.
The orc wizard barely misses you. The orc skeleton barely misses you.
You hit the orc wizard.
The orc wizard is lightly wounded.
The orc wizard closely misses you.
The orc skeleton hits you but does no damage.
The orc wizard hits you with a dagger.
* * * LOW HITPOINT WARNING * * *
Unknown command.
You hit the orc wizard. You headbutt the orc wizard.
The orc wizard is heavily wounded.
Unknown command.
You barely miss the orc wizard.
The orc wizard is heavily wounded.
The orc wizard casts a spell at you. The magic dart hits you!
You die...

Action                   |  1- 3 |  4- 6 || total
-------------------------+-------+-------++-------
Melee: Unarmed           |    88 |    20 ||   108
       Dagger            |    11 |       ||    11
 Cast: Beastly Appendage |     5 |     1 ||     6
       Spider Form       |     2 |     1 ||     3
  Eat: Meat ration       |     1 |       ||     1
       Pizza             |     1 |     1 ||     2

Vault maps used:
D:1:      dpeg_arrival_pits, feat_on_display
D:2:      serial_bayou_pond_d, minivault_25, fountainhead, hex_tiny,
          nemelex_deck
D:3:      nicolae_overflow_hidden_temple, first_bread
D:4:      old_standard_altar, kennysheep_mini_moat,
          minmay_temple_entry_statues_pillars, enter_ossuary_3, serial_glass,
          glass_columns_a, glass_columns_b, glass_columns_b, glass_columns_b,
          glass_columns_c, uniq_blork_the_orc

Notes
Turn   | Place    | Note
--------------------------------------------------------------
     0 | D:1      | Bloax, the Vine Stalker Transmuter, began the quest for the Orb.
     0 | D:1      | Reached XP level 1. HP: 9/9 MP: 3/3
    55 | D:2      | Found a sparkling altar of Nemelex Xobeh.
    63 | D:2      | Reached XP level 2. HP: 12/14 MP: 6/6
   326 | D:2      | Reached XP level 3. HP: 12/17 MP: 7/7
   340 | D:2      | Reached skill level 3 in Transmutations
   345 | D:2      | Learned a level 3 spell: Spider Form
   364 | D:2      | HP: 4/17 [hobgoblin (4)]
   415 | D:3      | Reached skill level 3 in Spellcasting
   420 | D:3      | HP: 2/17 [adder (3)]
   547 | D:3      | Reached XP level 4. HP: 17/21 MP: 6/10
   575 | D:3      | Reached skill level 1 in Poison Magic
   584 | D:4      | Noticed an ogre
   594 | D:4      | Killed an ogre
   594 | D:4      | Reached XP level 5. HP: 25/25 MP: 9/13
   635 | D:4      | Learned a level 2 spell: Sticks to Snakes
   666 | D:4      | HP: 5/25 [adder (2)]
   671 | D:4      | HP: 5/25 [orc wizard/dagger (2)]
   673 | D:4      | HP: 2/25 [orc wizard/dagger (2)]
   675 | D:4      | Killed from afar by an orc wizard

Vanquished Creatures
  An ogre (D:4)
  4 adders
  A worm (D:2)
  3 giant geckos
  3 hobgoblins (D:2)
  3 jackals (D:2)
  3 kobolds
  A quokka (D:2)
  2 bats
  A giant cockroach (D:2)
  10 goblins
  3 rats
35 creatures vanquished.
